[Event "1000GM 0003 GM Norm 2022"]
[Site "Saint Louis"]
[Date "2022.09.21"]
[Round "1.1"]
[White "Chandra, Akshat"]
[Black "Raja Harshit"]
[Result "0-1"]
[ECO "B51"]
[WhiteElo "2471"]
[BlackElo "2459"]
[Annotator "TA"]
[PlyCount "82"]
[EventDate "2022.09.21"]
[EventType "tourn"]
[EventCountry "USA"]
[SourceTitle "playchess.com"]
[Source "ChessBase"]
[SourceQuality "1"]
[TimeControl "5400+30"]

1. e4 c5 2. Nf3 d6 3. Bb5+ Nd7 4. Ba4 Ngf6 5. O-O e6 6. d3 {[%emt 0:00:50] B51: Sicilian: Moscow Variation (3 Bb5+) without 3...Bd7.} Be7 7. c4 O-O 8. Nc3 {[%emt 0:00:04] The position is equal.} a6 9. Qe2 {[%emt 0:03:13] [#]} Rb8 $146 ({Predecessor:} 9... Qc7 10. Nd2 Ne5 11. f4 Nc6 12. Bxc6 Qxc6 13. a4 Bd7 14. Nf3 Qc7 15. e5 Ng4 {½-½ (27) Jones,G (2672)-Keymer,V (2655) Germany 2022}) 10. Nd2 b5 11. cxb5 d5 12. e5 Ne8 13. bxa6 Bxa6 14. Nf3 Nc7 15. Rd1 Rb4 16. b3 Nb6 17. Bc6 f6 {[%emt 0:05:52] [#]} 18. Rb1 (18. a3 $1 $16 Rxb3 19. Qc2) 18... fxe5 $1 $11 19. a3 {[%emt 0:01:32] [#]} (19. Qxe5 $11 {keeps the balance.} Nc8 20. a3) 19... e4 $1 $17 20. axb4 exf3 21. gxf3 {[%emt 0:02:53] Hoping for b5.} cxb4 22. Na4 Qd6 23. Bb2 $1 {[%emt 0:15:13] Threatens to win with Qe5.} Qxc6 24. Rbc1 {[%emt 0:00:04] [#]} Nc4 $1 25. dxc4 dxc4 26. Be5 {[%emt 0:01:09] Now White is beyond hope.} (26. Qe4 $15 Qxe4 27. fxe4) 26... c3 $19 {[%emt 0:01:39][%mdl 1024] Black has strong compensation.} 27. Qe4 {[%emt 0:00:04] [#]} Nd5 $1 28. h3 (28. Bxc3 $142 bxc3 29. Nxc3) 28... Bb7 29. Kh2 (29. Ra1 {was called for.}) 29... Rf5 {[%emt 0:02:02][%cal Of5e5] And now ...Rxe5! would win.} 30. Bg3 h5 {[%emt 0:02:31][%cal Oh5h4] Strongly threatening ...h4!} 31. Rg1 $2 (31. h4) 31... Nf6 32. Qxc6 Bxc6 {[%emt 0:00:01] This bishop pair is nice.} 33. Nxc3 bxc3 34. Rxc3 Bxf3 35. Rc7 Nd5 36. Rd7 (36. Rc4) 36... h4 {[%emt 0:00:57] Black is clearly winning.} 37. Bd6 Bf6 38. Re1 e5 39. b4 e4 40. Rg1 {[%emt 0:00:41] [#]} Nxb4 $1 41. Rb1 (41. Rg6 Rd5) 41... Nd3 {[%emt 0:00:25] Weighted Error Value: White=0.57/Black=0.14 (very precise)} 0-1

[Event "1000GM 0003 GM Norm 2022"]
[Site "Saint Louis"]
[Date "2022.09.21"]
[Round "1.2"]
[White "Kretchetov, Alexandre"]
[Black "Kaliksteyn, Alexander"]
[Result "1/2-1/2"]
[ECO "D45"]
[WhiteElo "2144"]
[BlackElo "2393"]
[Annotator "TA"]
[PlyCount "55"]
[EventDate "2022.09.21"]
[EventType "tourn"]
[EventCountry "USA"]
[SourceTitle "playchess.com"]
[Source "ChessBase"]
[SourceQuality "1"]
[TimeControl "5400+30"]

1. Nf3 d5 2. d4 Nf6 3. c4 e6 4. Nc3 c6 5. e3 Nbd7 6. Qc2 Bd6 7. b3 O-O 8. Be2 e5 9. cxd5 cxd5 10. Nb5 Bb4+ 11. Bd2 Bxd2+ 12. Nxd2 a6 13. dxe5 {[%emt 0:00:07] D45: Semi-Slav: 5 e3.} Nxe5 14. Nd4 Bg4 15. Bxg4 Nfxg4 16. O-O Rc8 ({Don't do} 16... Qh4 17. h3 Nf6 18. Qc7 $16) 17. Qf5 {[%emt 0:02:19] [#] Black must now prevent h3.} g6 (17... Qh4 $2 18. h3 $18) 18. Qf4 {[%emt 0:02:37] h3 is the strong threat.} Qe7 19. h3 Nf6 {[%emt 0:01:37] [#]} 20. Rfd1 $146 ({Predecessor:} 20. N2f3 Nxf3+ 21. Qxf3 Ne4 22. Rfc1 Qe5 23. Qe2 Rc7 24. Rc2 Rfc8 25. Rac1 Rxc2 26. Rxc2 {1-0 (75) Martynov,R (2196)-Volodin,A (2401) Tallinn 2019}) 20... Rfd8 (20... Nh5 $5 21. Qh2 $8 f5 $11) 21. Qh4 Rd7 22. N2f3 Rdc7 {[%emt 0:05:33] The position is equal.} 23. Nxe5 Qxe5 24. Nf3 Qe7 25. Qg5 Rc2 26. Qh4 R2c7 27. Rd3 Rc1+ 28. Rd1 {[%emt 0:00:24] An even fight not without its subleties.  Weighted Error Value: White=0.03 (flawless) /Black=0.04 (flawless)} 1/2-1/2

[Event "1000GM 0003 GM Norm 2022"]
[Site "Saint Louis"]
[Date "2022.09.21"]
[Round "1.3"]
[White "Mardov, Dimitar"]
[Black "Antipov, Mikhail Al."]
[Result "0-1"]
[ECO "D38"]
[WhiteElo "2414"]
[BlackElo "2603"]
[Annotator "TA"]
[PlyCount "54"]
[EventDate "2022.09.21"]
[EventType "tourn"]
[EventCountry "USA"]
[SourceTitle "playchess.com"]
[Source "ChessBase"]
[SourceQuality "1"]
[TimeControl "5400+30"]

1. d4 Nf6 2. c4 e6 3. Nf3 d5 4. Nc3 Bb4 5. Qa4+ Nc6 6. e3 O-O 7. Qc2 $1 {[%emt 0:01:11] D38: Queen's Gambit Declined: Ragozin Defence (4 Nf3 Bb4).} Re8 8. Bd2 Bf8 9. Be2 {[%emt 0:03:51] The position is equal.} a6 $5 {[%emt 0:04:24][%mdl 4] A promising side line.} 10. a3 h6 11. h3 dxc4 12. Bxc4 {[%emt 0:01:06] [#]} e5 $146 ({Predecessor:} 12... b5 13. Bd3 Bb7 14. Ne4 e5 15. Nxf6+ Qxf6 16. d5 Ne7 17. Qxc7 Bxd5 18. Qxe5 Qxe5 19. Nxe5 Bxg2 {1-0 (39) Yakubboev,N (2621)-Kobo,O (2498) Chess.com INT 2021}) 13. dxe5 (13. Qg6 $2 Be6 14. Bxe6 Rxe6 $19) 13... Nxe5 14. Nxe5 Rxe5 15. f4 (15. Bd3 $11 {keeps the balance.}) 15... Bf5 $17 16. Qb3 Re7 17. g4 Ne4 18. O-O-O {[%emt 0:06:13] This move loses the game for White.} (18. Qc2 $17 {was necessary.} Nxd2 19. Qxd2) 18... Nc5 $19 19. Qa2 ({Much weaker is} 19. Qb4 {[#]} Rd7 $1 20. gxf5 Nd3+ 21. Bxd3 Bxb4 $19) 19... Nd3+ 20. Bxd3 Bxd3 21. f5 (21. e4 $142) 21... Qe8 {[%emt 0:10:25] White must now prevent ...Rd8.} 22. h4 Rd8 23. f6 Re5 ({Wrong is} 23... gxf6 $2 24. g5) 24. g5 Rc5 ({Not} 24... hxg5 $2 25. hxg5 Rxg5 26. e4 $19) 25. Qb3 Bh7 {[%emt 0:02:22] Prevents e4. ( -> ...Qe4). This bishop pair is nice.} 26. Qb4 {[%emt 0:05:19] [#]} (26. g6 $19 Bxg6 27. h5 Bxh5 28. Rdg1) 26... Rxc3+ $1 27. Qxc3 (27. bxc3 Bxb4) 27... Qe4 {[%emt 0:00:04] Weighted Error Value: White=0.56/Black=0.05 (flawless)} 0-1

[Event "1000GM 0003 GM Norm 2022"]
[Site "Saint Louis"]
[Date "2022.09.21"]
[Round "1.4"]
[White "Williams, Justus"]
[Black "Gedajlovic, Max"]
[Result "1-0"]
[ECO "C50"]
[WhiteElo "2392"]
[BlackElo "2343"]
[Annotator "TA"]
[PlyCount "63"]
[EventDate "2022.09.21"]
[EventType "tourn"]
[EventCountry "USA"]
[SourceTitle "playchess.com"]
[Source "ChessBase"]
[SourceQuality "1"]
[TimeControl "5400+30"]

1. e4 e5 2. Nf3 Nc6 3. Bc4 Bc5 4. O-O Nf6 5. d3 O-O 6. Nc3 h6 7. a3 {[%emt 0:03:29] Recently 7.h3 got a lot of attention.} a6 {[%emt 0:02:42] 7...d6 is vanishing.} 8. b4 {[%emt 0:03:40] C50: Hungarian Defence and Giuoco Pianissimo.} Bd4 9. Nxd4 exd4 {[%emt 0:02:34] [#]} (9... Nxd4 $14 10. f4 d6) 10. Ne2 $146 ({White should play} 10. Nd5 $16) ({Predecessor:} 10. Nd5 d6 11. Nxf6+ Qxf6 12. Bd2 Qg6 13. g3 Bh3 14. Re1 Ne5 15. f3 Qh5 16. g4 {1-0 (51) Nietzer,I (1237)-Janekovic,V (1526) Regensburg 2011}) 10... d5 $11 11. exd5 Nxd5 12. Nf4 Nxf4 13. Bxf4 Be6 14. Bxe6 fxe6 15. Qg4 Rf6 16. Rae1 Qd7 17. Re4 Raf8 18. Bg3 {[%emt 0:01:50] White is more active.} Rf5 19. Qe2 R8f6 20. Re1 a5 21. Qg4 axb4 22. axb4 Qf7 23. Bh4 g5 {[%emt 0:02:41] [#] aiming for ...h5.} (23... Rg6 $5 24. Qe2 Rb5 $11) 24. Bg3 h5 25. Qd1 h4 26. Be5 Nxe5 27. Rxe5 Kh7 {[%emt 0:03:47] [#]} (27... Rxe5 $11 28. Rxe5 Rxf2) 28. h3 $1 $16 Rxe5 29. Rxe5 Rf5 30. Qe2 {[%emt 0:03:11] Qe4 is the strong threat.} Qf6 $2 (30... Rxe5 31. Qxe5 Qf4 32. Qxf4 (32. Qxe6 Qc1+ 33. Kh2 Qf4+ 34. Kh1 Qc1+ 35. Kh2 Qf4+ 36. Kh1 Qc1+ 37. Kh2 $11) 32... gxf4) 31. Rxe6 $18 Qf8 32. Qh5+ {[%emt 0:00:41] Weighted Error Value: White=0.11 (very precise) /Black=0.20 (precise)} 1-0

[Event "1000GM 0003 GM Norm 2022"]
[Site "Saint Louis"]
[Date "2022.09.21"]
[Round "1.5"]
[White "Stearman, Josiah"]
[Black "Tugstumur, Yesuntumur"]
[Result "1-0"]
[ECO "E90"]
[WhiteElo "2387"]
[BlackElo "2375"]
[Annotator "TA"]
[PlyCount "81"]
[EventDate "2022.09.21"]
[EventType "tourn"]
[EventCountry "USA"]
[SourceTitle "playchess.com"]
[Source "ChessBase"]
[SourceQuality "1"]
[TimeControl "5400+30"]

1. d4 Nf6 2. c4 g6 3. Nc3 Bg7 4. e4 d6 5. h3 c5 6. d5 O-O 7. Nf3 e6 8. Bd3 exd5 9. exd5 Re8+ 10. Be3 Na6 11. O-O Nc7 12. Qd2 {[%emt 0:06:01] E90: King's Indian: Classical: Early deviations and 6 h3.} (12. Qb3 $14) 12... b5 $11 {[%emt 0:05:49] [#] has lost popularity (12...a6).} 13. Bh6 $146 ({Predecessor:} 13. cxb5 Ncxd5 14. Nxd5 Nxd5 15. Bg5 Qb6 16. Bc4 Nc7 17. Bh6 Be6 18. Bxg7 Kxg7 19. Bxe6 Rxe6 {½-½ (161) Ponkratov,P (2610)-Fedoseev,V (2683) St Petersburg 2015}) 13... bxc4 14. Bxc4 {[%emt 0:00:42] The position is equal.} Ne4 15. Nxe4 Rxe4 16. Bxg7 Kxg7 17. b3 Qf6 18. Qa5 Bxh3 19. Nh2 $1 ({Avoid the trap} 19. gxh3 $2 Qxf3 20. Rfe1 (20. Qxc7 $2 Qxh3 21. Qxd6 Rg4+ 22. Qg3 Rxg3+ $19) 20... Rae8 21. Rxe4 Rxe4 $19) (19. Qxc7 {[#]} Bxg2 $1 20. Nh2 Bf3 21. Qxd6 Qxd6 $19) 19... Bxg2 20. Kxg2 Nxd5 {[%emt 0:01:01][%mdl 64] [#] Decoy} 21. Bxd5 Qg5+ 22. Kh1 Qxd5 23. Qc3+ Rd4+ 24. Qf3 Re8 25. Rad1 Ree4 26. Rxd4 cxd4 27. Rd1 h5 28. Kg1 Qe5 29. Qg3 Rf4 30. Qd3 Qf6 31. Rd2 Qg5+ 32. Kh1 Rh4 33. Re2 Qf4 34. Qg3 Rxh2+ $2 35. Kxh2 $18 Qf6 36. f4 Qf5 37. Qf2 d3 38. Qd4+ f6 39. Re8 Qd7 40. Ra8 Kh6 41. Qxf6 {[%emt 0:00:27] Weighted Error Value: White=0.04 (flawless) /Black=0.36} 1-0

[Event "1000GM 0003 GM Norm 2022"]
[Site "Saint Louis"]
[Date "2022.09.23"]
[Round "4.1"]
[White "Raja Harshit"]
[Black "Gedajlovic, Max"]
[Result "1/2-1/2"]
[ECO "C70"]
[WhiteElo "2459"]
[BlackElo "2343"]
[Annotator "TA"]
[PlyCount "29"]
[EventDate "2022.09.21"]
[EventType "tourn"]
[EventCountry "USA"]
[SourceTitle "playchess.com"]
[Source "ChessBase"]
[SourceQuality "1"]
[TimeControl "5400+30"]

1. e4 e5 2. Nf3 Nc6 3. Bb5 a6 4. Ba4 Nge7 5. Nc3 d6 6. h3 {[%emt 0:06:19] C70: Ruy Lopez: 3...a6 4 Ba4, Norwegian and Delayed Schliemann.} Bd7 7. a3 {[%emt 0:01:24] [#]} Nd4 $146 ({Predecessor:} 7... h6 8. d4 Nxd4 9. Bxd7+ Qxd7 10. Nxd4 exd4 11. Qxd4 Nc6 12. Qd3 g6 13. Nd5 Bg7 {1-0 (32) Nikolova,A (2303)-Cornette,D (2405) Plovdiv 2014}) 8. Bxd7+ Qxd7 9. d3 g6 10. Bg5 Bg7 11. Bxe7 {[%emt 0:00:33] The position is equal.} Nxf3+ 12. Qxf3 {[%emt 0:00:13] [#] aiming for Bf6.} Qxe7 13. Nd5 Qd8 14. h4 h5 15. O-O-O {[%emt 0:02:50] A rather calm draw.  Weighted Error Value: White=0.10 (very precise) /Black=0.05 (flawless)} 1/2-1/2

[Event "1000GM 0003 GM Norm 2022"]
[Site "Saint Louis"]
[Date "2022.09.23"]
[Round "4.2"]
[White "Antipov, Mikhail Al."]
[Black "Tugstumur, Yesuntumur"]
[Result "1-0"]
[ECO "B50"]
[WhiteElo "2603"]
[BlackElo "2375"]
[Annotator "TA"]
[PlyCount "101"]
[EventDate "2022.09.21"]
[EventType "tourn"]
[EventCountry "USA"]
[SourceTitle "playchess.com"]
[Source "ChessBase"]
[SourceQuality "1"]
[TimeControl "5400+30"]

1. e4 c5 2. Nf3 e6 3. b3 d6 4. d4 cxd4 5. Nxd4 Nf6 6. Bd3 e5 {[%emt 0:01:06] B50: Sicilian: 2...d6, Miscellaneous.} 7. Nf3 Be7 8. O-O O-O {[%emt 0:00:49] White is slightly better.} 9. c4 {[%emt 0:00:14] [#] Inhibits d5.} Na6 $146 ({Predecessor:} 9... Nc6 10. Nc3 Ne8 11. a3 g6 12. b4 Bg4 13. Nd5 Ng7 14. Bb2 Ne6 15. Be2 Bxf3 16. Bxf3 {1-0 (35) Georgiev,B (2335)-Martidis,A (2285) Athens 1989}) 10. Nc3 Bg4 11. h3 Bh5 12. Bg5 Ne8 (12... Nc5 $11 {feels stronger.}) 13. Be3 $14 Bxf3 14. Qxf3 Bg5 15. Rfd1 {[%emt 0:07:22] White has more active pieces.} Nec7 16. Be2 Bxe3 17. Qxe3 Qe7 18. Nd5 Nxd5 19. cxd5 Nc5 20. b4 Nd7 21. Rdc1 {[%emt 0:02:20] Rc7 is the strong threat.} Qd8 {[%emt 0:02:06] Prevents Rc7.} 22. Bb5 Nf6 23. Rc2 a5 24. bxa5 Qxa5 25. a4 Rfc8 26. Rac1 Rxc2 27. Rxc2 Qd8 28. Rc4 Rc8 {[%emt 0:02:08] [#] Black is now going downhill.} (28... h5 $11 {remains equal.}) 29. Qb6 $3 $16 Rb8 30. Qxd8+ Rxd8 {[%emt 0:00:04][%mdl 4096] Endgame KRB-KRN} 31. f3 h5 (31... Ne8 $16) 32. Rc7 $18 Rb8 33. h4 Kf8 34. Kf2 Ne8 {[%emt 0:03:14] [#]} 35. Rd7 g6 36. Ke3 Kg7 37. Kd3 Kf8 38. Kd2 f5 39. Kd3 Kg8 $2 (39... Ra8 {keeps fighting.} 40. exf5 (40. Rxb7 Nf6 $18) 40... gxf5) 40. Re7 Ng7 41. Rc7 Kf8 42. Kc4 Kg8 43. Kb4 g5 44. hxg5 fxe4 45. fxe4 h4 46. Bd7 Rf8 47. g6 Rf2 48. Rc8+ Rf8 49. a5 Nh5 50. Rxf8+ Kxf8 {[%emt 0:00:04] [#]} 51. Bc8 {[%emt 0:00:05] Weighted Error Value: White=0.05 (flawless) /Black=0.43} (51. Bc6 $142 $1 Nf6 (51... Nf4 52. Bxb7) 52. Bxb7) 1-0

[Event "1000GM 0003 GM Norm 2022"]
[Site "Saint Louis"]
[Date "2022.09.23"]
[Round "4.4"]
[White "Chandra, Akshat"]
[Black "Williams, Justus"]
[Result "1-0"]
[ECO "C54"]
[WhiteElo "2471"]
[BlackElo "2392"]
[Annotator "TA"]
[PlyCount "55"]
[EventDate "2022.09.21"]
[EventType "tourn"]
[EventCountry "USA"]
[SourceTitle "playchess.com"]
[Source "ChessBase"]
[SourceQuality "1"]
[TimeControl "5400+30"]

1. e4 e5 2. Nf3 Nc6 3. Bc4 Bc5 4. c3 Nf6 5. d3 d6 6. O-O a6 7. a4 {[%emt 0:00:41] C54: Giuoco Piano: 4 c3 Nf6, main lines with 5 d4 and 5 d3.} Ba7 8. Re1 h6 9. Nbd2 {[%emt 0:00:32] White has an edge.} O-O 10. h3 Re8 11. b4 $1 {[%emt 0:01:50] 11.b4 scores better than 11.Nf1.} Ne7 12. Nf1 (12. Qb3 $5 ) 12... Ng6 13. Ng3 Be6 14. Bxe6 Rxe6 {[%emt 0:00:44] [#]} 15. c4 $146 {[%emt 0:00:40] Against d5} ({Predecessor:} 15. d4 Qd7 16. d5 Ree8 17. a5 c6 18. c4 cxd5 19. cxd5 Rac8 20. Qd3 Rc7 21. Bd2 {1-0 (71) Vachier Lagrave,M (2796)-Carlsen,M (2832) Paris 2017}) 15... a5 16. bxa5 Nd7 17. Rb1 Nh4 (17... b6 $142) 18. Nxh4 $16 (18. Rxb7 Nxf3+ 19. Qxf3 Bd4 $16) 18... Qxh4 {[%emt 0:00:10] [#]} 19. Nf5 Qxf2+ (19... Qd8 $16 20. Rxb7 Bd4) 20. Kh2 $18 Kh7 $2 (20... Rg6 21. Ne7+ Kh7 22. Nxg6 fxg6 23. Rxb7 Qc5) 21. Rf1 Qc5 22. Rxb7 (22. Qh5 $142 Rf6 23. Rxb7) 22... Qc6 $2 {[%emt 0:04:52] [#]} (22... Nf6 23. Bd2 Qc6) 23. Rxa7 $1 Rxa7 {[%emt 0:00:49] [#]} (23... Nf6 24. Rxa8) 24. Qg4 (24. Bxh6 $142 $1 gxh6 (24... g6 25. Qg4) 25. Qh5) 24... Rg6 25. Ne7 {[%emt 0:00:10][%csl LRc6,LRf7,LRg6][%mdl 64] Strongly threatening Qf5. Discovered Attack, Double Attack} Qxa4 $2 (25... Rxg4 26. Nxc6 Ra6) 26. Nxg6 {[%emt 0:00:06] White is clearly winning.} fxg6 27. Rf7 {[%emt 0:08:18] Intending Bxh6 and mate.} Nc5 28. Qc8 {[%emt 0:06:54] Weighted Error Value: White=0.40/Black=0.61} 1-0

[Event "1000GM 0003 GM Norm 2022"]
[Site "Saint Louis"]
[Date "2022.09.23"]
[Round "4.5"]
[White "Kretchetov, Alexandre"]
[Black "Mardov, Dimitar"]
[Result "1/2-1/2"]
[ECO "D37"]
[WhiteElo "2144"]
[BlackElo "2414"]
[Annotator "TA"]
[PlyCount "84"]
[EventDate "2022.09.21"]
[EventType "tourn"]
[EventCountry "USA"]
[SourceTitle "playchess.com"]
[Source "ChessBase"]
[SourceQuality "1"]
[TimeControl "5400+30"]

1. Nf3 d5 2. d4 Nf6 3. c4 e6 4. Nc3 Be7 5. Bf4 O-O 6. e3 b6 7. Rc1 Bb7 8. cxd5 {[%emt 0:01:38] D37: Queen's Gambit Declined: 5 Bf4.} Nxd5 9. Nxd5 Qxd5 10. a3 {[%emt 0:00:06] Prevents Bb4+. The position is equal.} (10. Bxc7 Bb4+ 11. Nd2 Qxa2 $15) 10... Bd6 11. Bxd6 cxd6 12. Bd3 Nc6 13. O-O Rfc8 {[%emt 0:01:49] [#]} 14. e4 $146 ({Predecessor:} 14. Qe2 Ne7 15. Ba6 h6 16. Bxb7 Qxb7 17. Nd2 Nf5 18. Qd3 d5 19. a4 Rc7 20. Rxc7 Qxc7 {0-1 (56) Xu,H (2290)-Wu,W (2535) Wuxi 2005}) 14... Qh5 15. Qe2 a6 16. h3 b5 17. Qd2 Kh8 18. Rc2 f6 19. Rfc1 Qf7 20. b4 Rc7 $2 (20... Qd7 $11) 21. Qf4 {[%emt 0:11:45] Threatens to win with d5.} e5 22. Qe3 Rac8 23. d5 Nd4 24. Nxd4 exd4 25. Qxd4 {[%emt 0:00:34] [#] And now Qb6 would win.} Rxc2 26. Rxc2 Rxc2 27. Bxc2 $16 {[%emt 0:00:02][%mdl 4096] Endgame KQB-KQB} Qc7 {[%emt 0:00:18] Prevents Qb6.} 28. Qd3 {[%emt 0:02:18][%cal Oe4e5] e5! is the strong threat.} g6 29. h4 Kg7 30. h5 Bc8 31. hxg6 hxg6 32. Kh2 Bd7 33. Bd1 Qc1 (33... a5 $16 34. Qe3 axb4) 34. Qc2 $18 Qh6+ (34... Qxc2 {was worth a try.} 35. Bxc2 Kh6) 35. Kg1 {[%emt 0:00:16] Hoping for Qc7.} Kf7 {[%emt 0:01:33] [#]} (35... Kf8 $142 36. g3 (36. Qc7 Ke8 $16) 36... Qg5) 36. Qc7 (36. e5 $1 $18 {[%cal Re5e6] and the rest is easy.} fxe5 37. Qc7) 36... Ke8 $16 37. g3 $36 {[%emt 0:02:27][%mdl 2048] Strongly threatening e5. White is in control. White is more active.} (37. Qxd6 $6 Qc1 $11) 37... Qd2 38. Bf3 Qd3 39. Bg2 ({But not} 39. Kg2 Bh3+ 40. Kxh3 Qxf3 $16) (39. Qb8+ $16 Ke7 40. Kg2) 39... Qd1+ $11 40. Kh2 {[%emt 0:00:20] aiming for Qb8+.} Qh5+ 41. Kg1 Ke7 (41... Qd1+ $11 {keeps the balance.} 42. Kh2 (42. Bf1 Bh3 $11) 42... Qh5+ 43. Kg1 Qd1+) 42. Bf3 $2 Qh6 $4 {[%emt 0:00:42][%mdl 40960] Weighted Error Value: White=0.40/Black=0.25 (precise) . An unexpected result.} (42... Qxf3 $19 43. Qb8 Qxe4) 1/2-1/2

[Event "1000GM 0003 GM Norm 2022"]
[Site "Saint Louis"]
[Date "2022.09.24"]
[Round "6.1"]
[White "Raja Harshit"]
[Black "Antipov, Mikhail Al."]
[Result "1/2-1/2"]
[WhiteElo "2459"]
[BlackElo "2603"]
[Annotator "TA"]
[PlyCount "35"]
[EventDate "2022.09.21"]
[EventType "tourn"]
[EventCountry "USA"]
[SourceTitle "playchess.com"]
[Source "ChessBase"]
[SourceQuality "1"]
[TimeControl "5400+30"]

1. d4 Nf6 2. Nf3 d5 3. c4 e6 4. g3 Bb4+ 5. Bd2 Be7 6. Bg2 O-O 7. O-O c6 {[%emt 0:00:04] [#]} {Predecessor:} 8. Qc2 $146 {E11: Bogo-Indian.} b6 9. Rd1 Bb7 10. b3 Nbd7 11. Nc3 Ba6 12. e4 dxc4 13. e5 Nd5 14. Ne4 c3 15. Bg5 h6 16. Bxe7 Qxe7 17. Nxc3 Nxc3 18. Qxc3 {0-1 (64) Nepomniachtchi,I (2792)-Shankland,S (2720) Saint Louis 2022} 1/2-1/2

[Event "1000GM 0003 GM Norm 2022"]
[Site "Saint Louis"]
[Date "2022.09.24"]
[Round "6.2"]
[White "Kaliksteyn, Alexander"]
[Black "Gedajlovic, Max"]
[Result "1/2-1/2"]
[ECO "D02"]
[WhiteElo "2393"]
[BlackElo "2343"]
[Annotator "TA"]
[PlyCount "50"]
[EventDate "2022.09.21"]
[EventType "tourn"]
[EventCountry "USA"]
[SourceTitle "playchess.com"]
[Source "ChessBase"]
[SourceQuality "1"]
[TimeControl "5400+30"]

1. d4 Nf6 2. Nf3 e6 3. Bf4 c5 4. e3 d5 5. Nbd2 Nc6 6. c3 Nh5 $1 {[%emt 0:00:09][%mdl 4] 6...Nh5 is the modern continuation.} 7. Bg5 {[%emt 0:00:41] D02: 1 d4 d5 2 Nf3 sidelines, including 2...Nf6 3 g3 and 2...Nf6 3 Bf4.} f6 8. Bh4 {[%emt 0:00:05][%cal Of3e5] next Ne5! is good for White.} g6 9. Bd3 {[%emt 0:03:46][%cal Of3e5] The position is equal.} cxd4 10. cxd4 Be7 11. O-O O-O 12. Rc1 Bd7 13. a3 {[%emt 0:16:39] [#]} Qe8 $146 ({Predecessor:} 13... Rc8 14. Nb1 Qb6 15. Qe2 Na5 16. Nc3 Nc4 17. Bxc4 Rxc4 18. e4 dxe4 19. Qxc4 exf3 {1-0 (54) Giri,A (2785)-So,W (2815) Chess.com INT 2017}) 14. Nb3 (14. g4 $5 g5 15. gxh5 gxh4 16. Nxh4 $14) 14... g5 15. Bg3 Nxg3 16. fxg3 g4 17. Nfd2 f5 18. Nc5 Bg5 19. Re1 Nd8 20. Nxd7 Qxd7 21. Qc2 Rf7 22. Nf1 Re7 23. Qc5 Nf7 {[%emt 0:01:28] Black is better.} 24. Rc2 Nd6 25. Rec1 Ree8 {[%emt 0:08:42] Weighted Error Value: White=0.10 (very precise) /Black=0.05 (flawless)} 1/2-1/2

[Event "1000GM 0003 GM Norm 2022"]
[Site "Saint Louis"]
[Date "2022.09.24"]
[Round "6.3"]
[White "Chandra, Akshat"]
[Black "Tugstumur, Yesuntumur"]
[Result "1-0"]
[ECO "A43"]
[WhiteElo "2471"]
[BlackElo "2375"]
[Annotator "TA"]
[PlyCount "28"]
[EventDate "2022.09.21"]
[EventType "tourn"]
[EventCountry "USA"]
[SourceTitle "playchess.com"]
[Source "ChessBase"]
[SourceQuality "1"]
[TimeControl "5400+30"]

1. d4 Nf6 2. Nf3 c5 3. d5 g6 4. Nc3 d6 5. e4 Bg4 6. Be2 Bg7 7. O-O O-O 8. Nd2 Bxe2 9. Qxe2 Re8 {[%emt 0:01:15] A43: Schmid Benoni.} 10. Nc4 Nbd7 11. f4 {[%emt 0:12:28] [#]} (11. a4 $16) 11... b5 $146 (11... Nb6 $11 {remains equal.}) ({Predecessor:} 11... Nb6 12. Nxb6 Qxb6 13. e5 dxe5 14. fxe5 Nd7 15. Na4 Qa6 16. Qxa6 bxa6 17. e6 fxe6 18. dxe6 {0-1 (56) Cerne,P (1363)-Sampaio Vianna Braga,C (1349) LSS email 2016}) 12. Nxb5 $16 Nb6 {[%emt 0:00:05] White is slightly better.} 13. Nxb6 {[%emt 0:26:09] White is more active.} Qxb6 14. c4 e6 {[%emt 0:02:00] Weighted Error Value: White=0.15 (very precise) /Black=0.29 (precise)} 1-0